 Dungeon Crawl Stone Soup version 0.30.0-5-g1a98f26d00 (webtiles) character file.

Game seed: 17270247985052995973

67639 qeuew the Impaler (level 15, -21/117 HPs)
             Began as a Merfolk Gladiator on May 9, 2023.
             Was an Initiate of Gozag.
             Demolished by a titanic slime creature (67 damage)
             ... on level 12 of the Dungeon.
             The game lasted 00:29:41 (23032 turns).

qeuew the Impaler (Merfolk Gladiator)              Turns: 23032, Time: 00:29:42

Health: -21/117    AC: 15    Str: 23    XL:     15   Next: 23%
Magic:  0/15       EV: 21    Int:  8    God:    Gozag
Gold:   1791       SH:  0    Dex: 19    Spells: 14/14 levels left

rFire   + . .        i - +7 demon trident (venom)
rCold   . . .        (no shield)
rNeg    . . .        D - +3 chain mail {rF+}
rPois   .            (no helmet)
rElec   +            (no cloak)
rCorr   .            (no gloves)
SInv    +            A - +0 pair of boots {rampage}
Will    +....        J - amulet of Joutar {Spirit rElec Str+2 SInv} Stlth
                     w - +5 ring of evasion
HPRegen 0.39/turn    C - ring "Xaejos" {Fly Dex+3 SInv}
MPRegen 0.14/turn

%: guardian spirit, rampage
@: flying, unable to drink
A: (nimble swimmer 2), mertail, inability to drink after injury 1
a: Renounce Religion, Potion Petition, Call Merchant, Bribe Branch


You were on level 12 of the Dungeon.
You worshipped Gozag.
Gozag was most pleased with you.
You visited 3 branches of the dungeon, and saw 18 of its levels.
You also visited: Sewer and Volcano.

You collected 5131 gold pieces.
You paid 3340 gold pieces to Gozag.

Inventory:

Hand Weapons
 i - a +7 demon trident of venom (weapon)
 z - a +4 halberd of freezing
Missiles
 a - 4 silver javelins (quivered)
 d - 3 throwing nets
Armour
 c - a +1 helmet
 A - a +0 pair of boots of rampaging (worn)
 D - a +3 chain mail of fire resistance (worn)
Jewellery
 g - a ring of protection from fire
 w - a +5 ring of evasion (left hand)
 C - the ring "Xaejos" (right hand) {Fly Dex+3 SInv}
   (You acquired it on level 4 of the Lair of Beasts)

   [ring of see invisible]

   Dex:       It affects your dexterity (+3).
   SInv:      It lets you see invisible.
   Fly:       It grants you flight.
 I - a ring of willpower
 J - the amulet of Joutar (around neck) {Spirit rElec Str+2 SInv}
   (You found it on level 12 of the Dungeon)

   [amulet of guardian spirit]

   It causes incoming damage to be divided between your reserves of health and
   magic.
   Str:       It affects your strength (+2).
   rElec:     It insulates you from electricity.
   SInv:      It lets you see invisible.
Wands
 b - a wand of polymorph (11)
 k - a wand of acid (3)
 q - a wand of flame (45)
 u - a wand of roots (8)
 v - a wand of paralysis (24)
Scrolls
 f - 5 scrolls of teleportation
 h - a scroll of silence
 j - a scroll of brand weapon
 x - a scroll of blinking
 y - 2 scrolls of enchant armour
 B - 4 scrolls of identify
 G - 2 scrolls of magic mapping
 H - 2 scrolls of enchant weapon
Potions
 l - 6 potions of might
 m - 8 potions of heal wounds
 n - a potion of cancellation
 o - 5 potions of flight
 p - 8 potions of curing
 r - a potion of ambrosia
 s - 4 potions of invisibility
 t - 4 potions of haste
 E - a potion of resistance {unknown}
 F - 2 potions of brilliance


   Skills:
 + Level 10.8 Fighting
 * Level 17.8 Polearms
 * Level 13.8 Throwing
 + Level 7.3 Armour
 + Level 13.2 Dodging
 + Level 8.9 Evocations


You had 14 spell levels left.
You didn't know any spells.
Your spell library contained the following spells:

 Spells                   Type           Power      Damage    Failure   Level
 Slow                     Hex            0%         N/A       91%         1
 Blink                    Tloc           0%         N/A       97%         2
 Cigotuvi's Dreadful Rot  Necr/Pois/Air  0%         N/A       97%         2
 Lesser Beckoning         Tloc           0%         N/A       97%         2
 Momentum Strike          Conj/Tloc      0%         3d8       97%         2
 Scorch                   Fire           0%         2d5       97%         2
 Static Discharge         Conj/Air       0%         2-2/arc   97%         2
 Confusing Touch          Hex            0%         N/A       100%        3
 Ozocubu's Armour         Ice            0%         N/A       100%        3
 Tukima's Dance           Hex            0%         N/A       100%        3
 Vampiric Draining        Necr           0%         2d6       100%        3
 Volatile Blastmotes      Fire/Tloc      0%         2d10      100%        3
 Airstrike                Air            0%         2d(0-16)  100%        4
 Anguish                  Hex/Necr       0%         N/A       100%        4
 Cause Fear               Hex            0%         N/A       100%        4
 Dispel Undead            Necr           0%         3d6       100%        4
 Flame Wave               Conj/Fire      0%         2d4       100%        4
 Fulminant Prism          Conj/Hex       0%         3d5       100%        4
 Iskenderun's Mystic Bla  Conj/Tloc      0%         2d3       100%        4
 Passage of Golubria      Tloc           0%         N/A       100%        4
 Summon Lightning Spire   Summ/Air       0%         N/A       100%        4
 Lee's Rapid Deconstruct  Erth           0%         3d4*      100%        5
 Yara's Violent Unravell  Hex/Tmut       0%         3d3       100%        5
 Death Channel            Necr           0%         N/A       100%        6
 Summon Cactus Giant      Summ           0%         N/A       100%        6
 Enfeeble                 Hex            0%         N/A       100%        7
 Ozocubu's Refrigeration  Ice            0%         4d7       100%        7


Dungeon Overview and Level Annotations

Branches:
Dungeon (12/15)            Temple (1/1) D:7            Lair (5/5) D:10
  Swamp (0/4) Lair:2        Snake (0/4) Lair:3        Slime (0/5) Lair:5
    Orc (0/2) D:12          Sewer (visited)         Volcano (visited)

Altars:
Ashenzari
Cheibriados
Dithmenos
Elyvilon
Fedhas
Gozag
Hepliaklqana
Kikubaaqudgha
Makhleb
Nemelex Xobeh
Okawaru
Qazlal
Ru
Sif Muna
Trog
Uskayaw
Vehumet
Wu Jian
Xom
Yredelemnul
Zin
The Shining One
Lugonu

Shops:
Lair:3 (

Portals:
Abyss: Lair:5

Annotations:
D:6 1 runed translucent door


Innate Abilities, Weirdness & Mutations

((You are very nimble when in or above water. (Stealth+, EV+, Speed+++)))
Your lower body shifts to a powerful aquatic tail in water.
You occasionally lose the ability to drink potions when taking damage.


Message History

You are too injured to fight recklessly!
Unknown command.
Two slime creatures merge to form a titanic slime creature.
Throw: 4 javelins
Press: ? - help, Q - select action, (/) - cycle Shift-Dir - straight line, f - titanic slime creature
Aim: a titanic slime creature (severely wounded, very poisoned, 87% to hit)
You throw a javelin.
The javelin barely misses the titanic slime creature.
A slime creature comes into view.
Throw: 3 javelins
Press: ? - help, Q - select action, (/) - cycle Shift-Dir - straight line, f/p - titanic slime creature
Aim: a titanic slime creature (severely wounded, very poisoned, 87% to hit)
You throw a javelin.
The javelin pierces through the titanic slime creature!!
The titanic slime creature is almost dead.
The javelin pierces through the slime creature!
The slime creature is lightly wounded.
Throw: 2 javelins
Press: ? - help, Q - select action, (/) - cycle Shift-Dir - straight line, f/p - titanic slime creature
Aim: a titanic slime creature (almost dead, very poisoned, 87% to hit)
You throw a javelin.
The javelin barely misses the titanic slime creature.
The javelin barely misses the slime creature.
Throw: javelin
Press: ? - help, Q - select action, (/) - cycle Shift-Dir - straight line, f/p - titanic slime creature
Aim: a titanic slime creature (almost dead, very poisoned, 87% to hit)
You throw a javelin.
The javelin pierces through the titanic slime creature!!
The titanic slime creature is almost dead.
The javelin pierces through the slime creature!!
The slime creature is heavily wounded.
The titanic slime creature misses you.
The titanic slime creature attacks as you move away!
The titanic slime creature misses you.
The titanic slime creature attacks as you move away!
The titanic slime creature hits you!!!!
You feel threatened and lose the ability to drink potions!
Ouch! That really hurt!
You die...
Your body crumbles into a pile of gold.

#.###.###.....#.# #...#
#...............######
##...#
#####.#..............#
#[...# #.##........####.#
#.#..## #.###.....#.# #.#
#...... #.# ##...##.# #.#
###..## ..# #..###.####)#
#..#
##.##########...##......#
#..#
...(.......J...J@.......#
#..#
###.#########...##..###.#
#..## #........#
#.#####.... #.######.#
#.......#.# #.# #.#
#########.# #.# #.# #.#
#.# #.# #.# #.#
#.###########.# $ $ #.#
............<.#


You could see a titanic slime creature (very poisoned) and a slime creature.

Vanquished Creatures
  A dire elephant (Lair:5)
  An entropy weaver (shapeshifter) (D:12)
  7 hydras
  An ogre mage (D:12)
  3 centaur warriors
  5 boulder beetles
  5 two-headed ogres
  5 death yaks (Lair:1)
  An alligator (Lair:5)
  3 thrashing horrors (Lair:5)
  A large abomination (Lair:5)
  Nergalle (Lair:1)
  A skyshark (Lair:5)
  A hell knight (Volcano)
  Pikel (D:6)
  An orc knight (D:12)
  4 cyclopes
  3 ugly things
  A manticore (Lair:5)
  4 black mambas
  An ice statue (D:10)
  3 slime creatures (D:12)
  14 elephants
  A torpor snail (Lair:5)
  3 smoke demons (Lair:5)
  11 cane toads
  3 gargoyles (D:12)
  13 komodo dragons
  An unseen horror (D:12)
  A kobold demonologist (D:11)
  4 rime drakes
  A freezing wraith (D:12)
  A yaktaur (Volcano)
  3 trolls
  An ancient zyme (Lair:5)
  A tyrant leech (Lair:2)
  A polar bear (Lair:2)
  Prince Ribbit (D:7)
  20 blink frogs
  9 dream sheep
  2 ynoxinuls (Lair:5)
  4 shadows
  2 wraiths
  Sigmund (D:4)
  Grum (Lair:1)
  5 wyverns
  Eustachio (D:6)
  A spriggan (Lair:5)
  6 basilisks
  A human (shapeshifter) (Lair:5)
  27 yaks
  A steam dragon (D:7)
  Edmund (D:4)
  3 swamp worms (Lair:2)
  3 nagas (Lair:3)
  9 small abominations (Lair:5)
  4 acid dragons
  15 water moccasins
  Duvessa (D:6)
  6 orc warriors
  2 sky beasts (D:7)
  3 black bears
  An ice beast (D:6)
  An ice beast (shapeshifter) (Lair:5)
  8 centaurs
  13 wolves
  A phantom (D:4)
  Blork the orc (D:4)
  5 kobold brigands
  12 bullfrogs
  4 scorpions
  15 wights
  Dowan (D:6)
  14 killer bees
  A howler monkey (D:8)
  5 jellies
  4 orc priests
  2 hounds (D:6)
  A sleepcap (D:5)
  Ijyb (D:4)
  6 iguanas
  19 orc wizards
  A human skeleton (D:6)
  5 hell rats
  4 gnolls (D:7)
  4 adders
  A river rat (Sewer)
  A shadow imp (D:7)
  A white imp (D:6)
  4 ufetubi
  6 worms
  2 dart slugs (D:2)
  45 orcs
  3 endoplasms
  A giant cockroach (D:2)
  4 goblins
  3 hobgoblins
  A jackal (Sewer)
  29 kobolds
  2 quokkas
  12 ball pythons
  5 bats
  2 frilled lizards
  A jackal skeleton (D:6)
  A kobold skeleton (D:6)
  4 rats (Sewer)
499 creatures vanquished.

Notes
Turn   | Place    | Note
-------+----------+-------------------------------------------
     0 | D:1      | qeuew the Merfolk Gladiator began the quest for the Orb.
     0 | D:1      | Reached XP level 1. HP: 16/16 MP: 1/1
   116 | D:1      | Reached XP level 2. HP: 22/22 MP: 2/2
   634 | D:2      | Reached XP level 3. HP: 28/28 MP: 3/3
  1412 | D:3      | Found a stormy altar of Qazlal.
  1454 | D:3      | Found a shimmering blue altar of Sif Muna.
  1497 | D:3      | Reached XP level 4. HP: 29/34 MP: 4/4
  1688 | D:3      | Found a glowing silver altar of Zin.
  1807 | D:3      | Reached skill level 5 in Polearms
  1866 | D:3      | Identified a scroll of acquirement
  1866 | D:3      | Acquired a +3 vampiric demon trident
  1905 | D:4      | Reached XP level 5. HP: 40/40 MP: 5/5
  1909 | D:4      | Noticed Blork the orc
  1923 | D:4      | Killed Blork the orc
  1924 | D:4      | Reached skill level 1 in Armour
  1964 | D:4      | Noticed Ijyb
  1972 | D:4      | Killed Ijyb
  1973 | D:4      | Reached skill level 5 in Dodging
  2033 | D:4      | Noticed Sigmund
  2044 | D:4      | Killed Sigmund
  2045 | D:4      | Reached skill level 6 in Polearms
  2045 | D:4      | Reached XP level 6. HP: 47/47 MP: 6/6
  2144 | D:4      | Found a glowing drain.
  2238 | Sewer    | Entered a sewer
  2320 | Sewer    | Reached XP level 7. HP: 46/52 MP: 7/7
  2347 | Sewer    | Found a glowing silver altar of Zin.
  2537 | D:4      | Noticed Edmund
  2548 | D:4      | Killed Edmund
  2549 | D:4      | Reached skill level 7 in Polearms
  2818 | D:4      | Identified the +7 sling of Offence {drain, Drain Fragile
                  | Dex+7 SInv Stlth+}
  2898 | D:4      | Found a glowing golden altar of the Shining One.
  2907 | D:5      | Entered Level 5 of the Dungeon
  3034 | D:5      | Found an ornate altar of the Wu Jian Council.
  3154 | D:5      | Reached skill level 5 in Throwing
  3154 | D:5      | Reached XP level 8. HP: 60/60 MP: 8/8
  3718 | D:6      | Noticed Pikel
  3728 | D:6      | Killed Pikel
  3729 | D:6      | Reached skill level 8 in Polearms
  3729 | D:6      | Reached skill level 1 in Evocations
  4005 | D:6      | Found a runed translucent door.
  4010 | D:6      | Found a basalt altar of Yredelemnul.
  4115 | D:6      | Reached XP level 9. HP: 64/67 MP: 9/9
  4279 | D:6      | Reached skill level 5 in Fighting
  4432 | D:6      | Reached skill level 9 in Polearms
  4434 | D:6      | Noticed Dowan
  4435 | D:6      | Noticed Duvessa
  4436 | D:6      | Noticed Eustachio
  4445 | D:6      | Killed Duvessa
  4460 | D:6      | Killed Dowan
  4485 | D:6      | Killed Eustachio
  4669 | D:7      | Noticed Prince Ribbit
  4684 | D:7      | Killed Prince Ribbit
  4948 | D:7      | Found a hazy altar of Hepliaklqana.
  5110 | D:7      | Found a staircase to the Ecumenical Temple.
  5163 | D:7      | Reached skill level 10 in Polearms
  5199 | D:7      | Found a shimmering altar of Xom.
  5240 | D:7      | Reached XP level 10. HP: 52/76 MP: 10/10
  5318 | D:7      | Found a radiant altar of Vehumet.
  5545 | Temple   | Entered the Ecumenical Temple
  5615 | Temple   | Became a worshipper of Gozag Ym Sagoz the Greedy
  5670 | D:8      | Found a hide-covered altar of Uskayaw.
  5692 | D:8      | Found a bloodstained altar of Trog.
  5699 | D:8      | Found an iron altar of Okawaru.
  5867 | D:8      | You fall into a shaft and drop 1 floor!
  6300 | D:8      | Found a sacrificial altar of Ru.
  6608 | D:9      | Reached skill level 11 in Polearms
  7253 | D:10     | Entered Level 10 of the Dungeon
  7537 | D:10     | Found a staircase to the Lair.
  7545 | D:10     | Reached XP level 11. HP: 83/83 MP: 11/11
  7932 | D:10     | Reached skill level 12 in Polearms
  8783 | D:10     | Noticed a two-headed ogre
  8787 | D:10     | Killed a two-headed ogre
  8788 | D:10     | Reached skill level 5 in Evocations
  9358 | Lair:1   | Entered Level 1 of the Lair of Beasts
  9452 | Lair:1   | Noticed Grum
  9461 | Lair:1   | Killed Grum
  9537 | Lair:1   | Noticed a death yak
  9537 | Lair:1   | Noticed a death yak
  9538 | Lair:1   | Noticed a death yak
  9538 | Lair:1   | Noticed a death yak
  9539 | Lair:1   | Noticed Nergalle
  9540 | Lair:1   | Noticed a death yak
  9541 | Lair:1   | Noticed a spectral orc warlord
  9684 | Lair:1   | Killed Nergalle
 10139 | Lair:1   | Identified the +6 sling of the Wheel {drain, Will+ Int+3
                  | Dex-2}
 10163 | Lair:1   | Killed a death yak
 10168 | Lair:1   | Killed a death yak
 10168 | Lair:1   | Killed a death yak
 10169 | Lair:1   | Reached skill level 13 in Polearms
 10169 | Lair:1   | Reached skill level 10 in Throwing
 10169 | Lair:1   | Reached skill level 5 in Armour
 10169 | Lair:1   | Reached skill level 10 in Dodging
 10169 | Lair:1   | Reached XP level 12. HP: 20/92 MP: 12/12
 10170 | Lair:1   | Killed a death yak
 10174 | Lair:1   | Killed a death yak
 10552 | Lair:2   | Found a basalt altar of Yredelemnul.
 10910 | Lair:2   | Noticed a boulder beetle
 10922 | Lair:2   | Killed a boulder beetle
 11598 | Lair:2   | Noticed a seven-headed hydra
 11609 | Lair:2   | Killed a seven-headed hydra
 11610 | Lair:2   | Reached skill level 14 in Polearms
 11678 | Lair:2   | Noticed a seven-headed hydra
 11694 | Lair:2   | Noticed a five-headed hydra
 11699 | Lair:2   | Killed a seven-headed hydra
 12032 | Lair:2   | Found a staircase to the Swamp.
 12149 | Lair:2   | Killed a five-headed hydra
 12437 | Lair:3   | Found a dark tunnel.
 12447 | Volcano  | Entered a volcano
 12614 | Volcano  | Noticed a centaur warrior
 12624 | Volcano  | Killed a centaur warrior
 12625 | Volcano  | Reached XP level 13. HP: 31/99 MP: 13/13
 13218 | Lair:3   | Found a staircase to the Snake Pit.
 13394 | Lair:3   | Reached skill level 15 in Polearms
 14391 | Lair:4   | Acquired the ring "Xaejos" {Fly Dex+3 SInv}
 15458 | Lair:5   | Entered Level 5 of the Lair of Beasts
 16729 | Lair:5   | Reached skill level 16 in Polearms
 17019 | Lair:5   | Reached XP level 14. HP: 96/109 MP: 14/14
 17567 | Lair:5   | Reached skill level 10 in Fighting
 17728 | Lair:5   | Found a corrupted altar of Lugonu.
 17728 | Lair:5   | Found a one-way gate to the infinite horrors of the Abyss.
 17747 | Lair:5   | Gained mutation: You sometimes lose your temper in combat.
                  | [potion of mutation]
 17747 | Lair:5   | Gained mutation: You have an increased reservoir of magic.
                  | (+10% MP) [potion of mutation]
 17748 | Lair:5   | Lost mutation: You have an increased reservoir of magic.
                  | (+10% MP) [potion of mutation]
 17748 | Lair:5   | Lost mutation: You sometimes lose your temper in combat.
                  | [potion of mutation]
 17748 | Lair:5   | Gained mutation: You occasionally lose the ability to drink
                  | potions when taking damage. [potion of mutation]
 17748 | Lair:5   | Gained mutation: You have a pair of small horns on your
                  | head. [potion of mutation]
 17748 | Lair:5   | Lost mutation: You have a pair of small horns on your head.
                  | [potion of mutation]
 17750 | Lair:5   | Identified the staff of poison "Xuinum" {+Blink rPois}
 18918 | Lair:5   | Found a staircase to the Slime Pits.
 19310 | Lair:5   | Noticed a dire elephant
 19377 | Lair:5   | Killed a dire elephant
 19632 | Lair:5   | Reached skill level 17 in Polearms
 21405 | D:11     | Found a transporter.
 21405 | D:11     | Found a transporter.
 21924 | D:12     | Found a staircase to the Orcish Mines.
 22226 | D:12     | Reached XP level 15. HP: 117/117 MP: 15/15
 22792 | D:12     | Identified the amulet of Joutar {Spirit rElec Str+2 SInv}
 22829 | D:12     | Found the +2 Maxwell's thermic engine {flame, freeze, rev}
 23032 | D:12     | Demolished by a titanic slime creature

Illustrated notes

Levels and vault maps discovered:
D:1:      scummos_arrival_gate, layout_rooms, chequers_serial_rivers_micro_b
D:2:      layout_loops_ring, minmay_goblin_kobold_house
D:3:      layout_basic, old_standard_altar, zin_statuary,
          nicolae_sif_muna_condensation, nrook_mini_vaults,
          minmay_shallow_snake_nest
D:4:      layout_loops_cross, kennysheep_mini_moat, serial_forest,
          infiniplex_forest_join, infiniplex_forest_lined_ring,
          infiniplex_forest_straight_2, infiniplex_forest_lined_room_3,
          infiniplex_forest_lined_2, infiniplex_forest_straight_2,
          infiniplex_forest_lined_room_, infiniplex_forest_clump_curved,
          portal_sewer_entry_a, chequers_avenue, uniq_ijyb, uniq_sigmund,
          uniq_blork_the_orc, uniq_edmund
D:5:      layout_basic, mainiacjoe_overflow_concentric_impassable,
          chequers_serial_rivers_marsh
D:6:      layout_basic, dk_yredelemnul_ordeal, uniq_eustachio, uniq_pikel,
          uniq_duvessa
D:7:      layout_cave_pools, lemuel_crystal_altar, vehumet_crystals,
          dk_xom_monty_hall, minmay_temple_entry_statues_fountains,
          corexii_hall_statues_u, uniq_prince_ribbit1
D:8:      layout_rooms, nicolae_overflow_crystal_walls,
          grunt_temple_overflow_open
D:9:      layout_long_grid
D:10:     minmay_statue_hallways, layout_stronghold,
          grunt_lair_entry_orc_guard_hut, chequers_garden, grunt_ministairs_12
D:11:     gammafunk_boulding_lane, layout_basic, nicolae_fountain_basement
D:12:     minmay_triangles_in_corner, layout_loops_ring, orc_0_dummy,
          nicolae_trove_entry_path_of_doom, minmay_misc_feat_iff
Temple:   dpeg_three_leaves_temple
Lair:1:   layout_cave_shapes, chequers_serial_rivers_marsh, uniq_nergalle,
          uniq_grum
Lair:2:   beast_lair_carwin_large_2, layout_regular_city,
          palyth_hydra_swamp_entry, basic_altar, serial_rivers,
          chequers_serial_rivers_large_b, chequers_serial_rivers_room_b,
          chequers_serial_rivers_room_b, chequers_serial_rivers_small_a,
          pdpol_lair_neglected_garden, st_stairs_12
Lair:3:   layout_gridlike, guppyfry_snake_entry_garden,
          lightli_volcano_entry_magma_tube
Lair:4:   layout_hall_layers, minmay_stone_trees_small
Lair:5:   hellmonk_lair_end_abyssal_woods, layout_long_grid,
          dpeg_slime_entry_corner, serial_bayou_lagoon_a,
          minmay_shattered_shrine

Skill      XL: |  1  2  3  4  5  6  7  8  9 10 11 12 13 14 15 |
---------------+----------------------------------------------+-----
Polearms       | 5 6 7 8 10 11 13 14 16 17 | 17.8
Throwing       | 3 4 5 6 7 8 10 11 12 13 | 13.8
Fighting       | 3 4 5 6 7 8 9 10 | 10.8
Armour         | 1 2 3 4 5 6 7 |  7.3
Dodging        | 5 6 7 8 10 11 12 13 | 13.2
Evocations     | 1 3 4 5 6 7 8 |  8.9

Action                     |  1- 3 |  4- 6 |  7- 9 | 10-12 | 13-15 || total
---------------------------+-------+-------+-------+-------+-------++-------
  Melee: Trident           |   125 |    37 |       |       |       ||   162
         Tailslap          |     1 |     4 |       |       |       ||     5
         Demon trident     |       |    80 |   305 |   644 |   990 ||  2019
         Punch             |       |     1 |     5 |    10 |    13 ||    29
  Throw: Throwing net      |       |       |       |       |     1 ||     1
         Javelin           |       |       |       |       |     4 ||     4
 Invoke: Potion Petition   |       |       |       |       |     5 ||     5
         Call Merchant     |       |       |       |       |     1 ||     1
  Evoke: Wand              |       |       |       |       |     3 ||     3
    Use: Scroll            |     7 |     4 |     3 |    16 |     8 ||    38
         Potion            |     4 |     1 |     1 |     1 |     3 ||    10
   Stab: Sleeping          |     5 |     3 |       |     2 |       ||    10
         Distracted        |       |       |       |     2 |     3 ||     5
         Invisible         |       |       |       |       |     5 ||     5
 Armour: Leather armour    |    14 |    19 |    59 |       |       ||    92
         Steam dragon scal |       |       |    24 |   137 |     1 ||   162
         Chain mail        |       |       |       |       |   208 ||   208
  Dodge: Dodged            |    61 |    54 |   195 |   475 |   689 ||  1474
